 Dungeon Crawl Stone Soup version 0.17-a0-1164-g0ba867e (webtiles) character file.

1452 Hanyuu the Martial Artist (level 8, -2/50 HPs)
             Began as an Octopode Transmuter on May 28, 2015.
             Slain by an ogre
             ... wielding a +0 giant club
              (34 damage)
             ... on level 6 of the Dungeon.
             The game lasted 00:19:32 (7488 turns).

Hanyuu the Martial Artist (Octopode Transmuter)     Turns: 7488, Time: 00:19:32

Health: -2/50      AC:  2    Str:  9    XL:     8   Next: 75%
Magic:  7/13       EV: 21    Int: 17    God:
Gold:   334        SH:  0    Dex: 18    Spells: 3 memorised, 8 levels left

rFire  + . .     SeeInvis .       - Unarmed
rCold  x . .     Clarity  .     (shield currently unavailable)
rNeg   . . .     SustAt   .     (helmet currently unavailable)
rPois  x         Gourm    .     d - amulet of resist corrosion
rElec  .         Spirit   .     t - ring of fire
rCorr  +         Warding  .     (no ring)
rMut   .         Stasis   .     (no ring)
MR     .....                    (no ring)
Stlth  ++........               (no ring)
                                (no ring)
                                (no ring)
                                (no ring)

@: spider-form, very slightly contaminated, not resistant to hostile
enchantments, unstealthy
A: almost no armour, amphibious, 8 rings, (constrict 8), (camouflage 0),
(gelatinous body 0)
a: End Transformation


You were on level 6 of the Dungeon.
You were hungry.
You were a venomous arachnid creature.
You visited 1 branch of the dungeon, and saw 6 of its levels.

You collected 334 gold pieces.

Inventory:

Hand weapons
 b - a +0 blowgun
Missiles
 c - 42 arrows
 g - 27 poisoned needles
 j - 13 poisoned arrows
 p - 7 needles of sleeping
Jewellery
 d - an amulet of resist corrosion (around neck)
 t - a ring of fire (left front leg)
Magical devices
 k - a wand of fireball (14)
Scrolls
 f - 3 scrolls of immolation
 l - 2 scrolls of teleportation
 q - a scroll of magic mapping
 r - a scroll of fog
 y - a scroll of identify
 D - a scroll of fear
 E - a scroll of remove curse
Potions
 e - 2 potions of brilliance
 h - 2 potions of agility
 i - 2 potions of might
 m - 4 potions of curing
 n - a potion of haste {unknown}
 s - a potion of berserk rage {unknown}
 u - a potion of flight {unknown}
 w - a potion of cure mutation
 A - a potion of ambrosia {unknown}
Books
 v - a book of Changes

   Spells                             Type                      Level
   a - Beastly Appendage              Transmutation                1
   b - Sticks to Snakes               Transmutation                2
   c - Spider Form                    Transmutation/Poison         3
   d - Ice Form                       Ice/Transmutation            4
   e - Blade Hands                    Transmutation                5
 C - a book of Control

   Spells                             Type                      Level
   a - Control Teleport               Charms/Translocation         4
   b - Control Undead                 Necromancy                   4
   c - Metabolic Englaciation         Hexes/Ice                    5
   d - Mass Confusion                 Hexes                        6
Comestibles
 a - 6 bread rations
 o - 2 meat rations
 x - a beef jerky


   Skills:
 - Level 2.0 Fighting
 - Level 3.0 Throwing
 + Level 3.5 Dodging
 * Level 9.0 Unarmed Combat
 + Level 3.6 Spellcasting
 - Level 3.0 Transmutations


You had 8 spell levels left.
You knew the following spells:

 Your Spells              Type           Power        Failure   Level  Hunger
a - Beastly Appendage     Trmt           ##....       17%         1    None
b - Sticks to Snakes      Trmt           ##........   24%         2    ##.....
c - Spider Form           Trmt/Pois      #.........   52%         3    ###....


Dungeon Overview and Level Annotations

Branches:
Dungeon (6/15)
 Temple: D:4-7

Altars:
Ashenzari
Gozag
Vehumet
Xom


Innate Abilities, Weirdness & Mutations

You cannot wear most types of armour.
You are amphibious.
You can wear up to eight rings at the same time.
((You can use your tentacles to constrict eight enemies at once.))
((Your skin changes colour to match your surroundings (Stealth).))
((Your rubbery body absorbs attacks (AC +1).))


Message History

You constrict the hound. The hound bites you. The hound bites you.
You tentacle-slap the hound.
You kill the hound!
Your Unarmed Combat skill increases to level 9!
Casting: Spider Form
Confirm with . or Enter, or press ? or * to list all spells.
You miscast Spider Form.
You are very lightly contaminated with residual magic.
Nothing appears to happen.
Casting: Spider Form
Confirm with . or Enter, or press ? or * to list all spells.
You turn into a venomous arachnid creature.
The ogre misses you.
You hit the ogre.
The ogre is poisoned.
The ogre is lightly wounded.
You bite the ogre!
The ogre looks even sicker.
The ogre is heavily wounded.
The ogre hits you with a giant club!!
Ouch! That really hurt!
You die...

..........##
...........#
...........##
.......$....#
............#
........... ##
.........# ######....
......Os.######..<...#
......##.[.......#####
....####...###...##
..##.....###......#
.........#........#
######.....:.....#
#..........##
#.........##
#........##


You could see an ogre.

Vanquished Creatures
  Pikel (D:4)
  A black bear (D:5)
  A slave (D:4)
  A centaur (D:5)
  A hound (D:6)
  5 orc wizards
  3 orc priests
  A jelly (D:5)
  3 iguanas
  Natasha (thrice) (D:2)
  A giant frog skeleton (D:5)
  3 worker ants
  The ghost of Charly the Charmwright, a weakling GrSk (D:4)
  10 adders
  7 gnolls (D:5)
  A shadow imp (D:5)
  2 oozes
  3 worms
  An adder skeleton (D:5)
  3 giant geckos
  17 orcs
  3 ball pythons
  A bat zombie (D:5)
  A giant cockroach (D:5)
  17 goblins
  9 hobgoblins
  8 jackals
  3 quokkas
  12 bats
  A giant newt (D:4)
  7 kobolds
  A quokka zombie (D:5)
  12 rats
144 creatures vanquished.

Vanquished Creatures (others)
  An iguana (D:4)
  A hobgoblin (D:4)
2 creatures vanquished.

Grand Total: 146 creatures vanquished

Notes
Turn   | Place    | Note
--------------------------------------------------------------
     0 | D:1      | Hanyuu the Octopode Transmuter began the quest for the Orb.
     0 | D:1      | Reached XP level 1. HP: 13/13 MP: 3/3
   322 | D:1      | Reached XP level 2. HP: 18/18 MP: 5/5
   639 | D:1      | Reached skill level 4 in Unarmed Combat
   688 | D:1      | Reached XP level 3. HP: 21/23 MP: 6/6
   692 | D:1      | Learned a level 2 spell: Sticks to Snakes
   696 | D:1      | Learned a level 3 spell: Spider Form
  1477 | D:2      | Reached XP level 4. HP: 17/28 MP: 7/7
  1635 | D:2      | Noticed Natasha
  1646 | D:2      | Killed Natasha
  1646 | D:2      | Reached skill level 5 in Unarmed Combat
  2109 | D:2      | Noticed Natasha
  2202 | D:2      | Killed Natasha
  2315 | D:2      | Noticed Natasha
  2319 | D:2      | Killed Natasha
  2552 | D:2      | Found a shattered altar of Ashenzari.
  2552 | D:2      | Found a radiant altar of Vehumet.
  2617 | D:3      | Reached XP level 5. HP: 25/33 MP: 8/8
  3411 | D:3      | Reached skill level 6 in Unarmed Combat
  3411 | D:3      | Reached XP level 6. HP: 32/38 MP: 9/9
  4480 | D:4      | Noticed Pikel
  4498 | D:4      | Killed Pikel
  4498 | D:4      | Reached skill level 7 in Unarmed Combat
  4498 | D:4      | Reached XP level 7. HP: 45/45 MP: 10/10
  4557 | D:4      | Noticed Charly's ghost (weakling GrSk)
  4569 | D:4      | Killed Charly's ghost
  4837 | D:4      | Reached skill level 8 in Unarmed Combat
  4837 | D:4      | Reached XP level 8. HP: 40/50 MP: 11/11
  5196 | D:5      | Entered Level 5 of the Dungeon
  5840 | D:5      | Found a shimmering altar of Xom.
  6303 | D:5      | Found an opulent altar of Gozag.
  7483 | D:6      | Reached skill level 9 in Unarmed Combat
  7488 | D:6      | Slain by an ogre

Vault maps used:
D:1:      dpeg_arrival_subterranean_lakeside_camping
D:2:      gammafunk_temple_overflow_elements, uniq_natasha
D:3:      st_stairs_10, grunt_ministairs_1, minmay_divided_ellipse
D:4:      first_bread, uniq_pikel
D:5:      grunt_gozag_statues, tgw_xom
D:6:      lemuel_slime, kiku_gazebo_pond_becter

Action                   |  1- 3 |  4- 6 |  7- 9 || total
-------------------------+-------+-------+-------++-------
Melee: Unarmed           |    76 |   141 |   125 ||   342
 Fire: Blowgun           |       |     9 |    28 ||    37
 Cast: Beastly Appendage |     4 |     4 |     1 ||     9
       Spider Form       |     1 |     5 |     8 ||    14
  Use: Scroll            |       |     9 |     4 ||    13
       Potion            |       |     1 |       ||     1
 Stab: Sleeping          |    11 |    13 |     9 ||    33
       Distracted        |       |       |     1 ||     1
  Eat: Beef jerky        |     1 |       |       ||     1
       Chunk             |       |    11 |     7 ||    18
       Fruit             |       |       |     3 ||     3
